 Dungeon Crawl Stone Soup version 0.29-a0-886-gfb1a3fa8b1 (webtiles) character file.

Game seed: 13116751478150325140

50 DungeonMaster the Magician (level 3, 0/27 HPs)
             Began as a Demonspawn Hedge Wizard on July 21, 2022.
             Slain by a black bear (6 damage)
             ... on level 2 of the Dungeon.
             The game lasted 00:02:17 (1884 turns).

DungeonMaster the Magician (DsHW)                   Turns: 1884, Time: 00:02:18

Health: 0/27       AC:  4    Str: 10    XL:     3   Next: 55%
Magic:  0/7        EV: 16    Int: 15    God:
Gold:   22         SH:  0    Dex: 14    Spells: 7/8 levels left

rFire   . . .      SeeInvis .   a - +1 dagger (spect)
rCold   . . .      Faith    .   (no shield)
rNeg    . . .      Spirit   .   b - +0 robe
rPois   .          Reflect  .   c - +0 hat
rElec   .          Harm     .   (no cloak)
rCorr   .          Rampage  .   g - +1 pair of gloves
Will    .....                   (no boots)
Stlth   ++........              (no amulet)
HPRegen 0.09/turn               j - +4 ring of evasion
MPRegen 0.10/turn               (no ring)

@: no status effects
A: demonic guardian 1, weakness stinger 1
a: no special abilities


You were on level 2 of the Dungeon.
You visited 1 branch of the dungeon, and saw 2 of its levels.

You collected 22 gold pieces.

Inventory:

Hand Weapons
 a - a +1 spectral dagger (weapon)
Missiles
 e - 15 stones
Armour
 b - a +0 robe (worn)
 c - a +0 hat (worn)
 g - a +1 pair of gloves (worn)
Jewellery
 j - a +4 ring of evasion (left hand)
Potions
 d - a potion of magic
 f - a potion of lignification {unknown}
 h - a potion of invisibility
 i - a potion of might


   Skills:
 * Level 1.6 Fighting
 * Level 2.4 Dodging
 - Level 1.7 Stealth
 - Level 3.2 Spellcasting
 - Level 1.6 Conjurations
 - Level 1.0 Summonings
 - Level 0.8 Translocations


You had 7 spell levels left.
You knew the following spells:

 Your Spells              Type           Power      Damage    Failure   Level
a - Magic Dart            Conj           28%        1d4       10%         1

Your spell library contained the following spells:

 Spells                   Type           Power      Damage    Failure   Level
 Slow                     Hex            8%         N/A       21%         1
 Blink                    Tloc           10%        N/A       21%         2
 Call Imp                 Summ           5%         N/A       21%         2
 Conjure Flame            Conj/Fire      4%         6-21      38%         3
 Mephitic Cloud           Conj/Pois/Air  4%         N/A       43%         3


Dungeon Overview and Level Annotations

Branches:
Dungeon (2/15)

Altars:


Innate Abilities, Weirdness & Mutations

A weak demonic guardian rushes to your aid.
You have a small tail.


Message History

You kill the hobgoblin!
Things that are here:
a +4 ring of evasion; a hobgoblin corpse
j - a +4 ring of evasion
j - a +4 ring of evasion (left hand)
Casting: Magic Dart (safe; 10% risk of failure)
Confirm with . or Enter, or press ? or * to list all spells.
Aiming: Magic Dart (safe; 10% risk of failure)
Press: ? - help, Shift-Dir - straight line, f - black bear
Aim: a black bear (100% to hit)
The magic dart hits the black bear.
The black bear is lightly wounded.
The black bear closely misses you. The black bear claws you.
The black bear completely misses you.
You hit the black bear.
The black bear is lightly wounded.
Your +1 spectral dagger hits the black bear.
The black bear completely misses you. x2; The black bear claws you.
You barely miss the black bear.
The black bear is moderately wounded.
Your +1 spectral dagger hits the black bear but does no damage.
The black bear completely misses you. The black bear misses you.
The black bear barely misses you.
You hit the black bear.
The black bear is heavily wounded.
Your +1 spectral dagger hits the black bear.
The black bear bites you. The black bear barely misses you.
The black bear claws you but does no damage.
You hit the black bear.
The black bear is severely wounded.
Your +1 spectral dagger hits the black bear.
The black bear goes berserk!
You hit the black bear but do no damage.
The black bear is almost dead.
Your +1 spectral dagger hits the black bear.
The black bear bites you!
* * * LOW HITPOINT WARNING * * *
The black bear claws you but does no damage.
The black bear misses you. x3; The black bear claws you.
You die...

. ..## ..### ....
.# ..###..## .#
....!...# .#
...<..h@####.## #
...)..(†......##.##
..........#.......#
...###..#..........
#. ##.###.#####. #
. #.....#
##.###...##
..........#### ..
####...#....#...


You could see a black bear (berserk) and a friendly +1 spectral dagger
(summoned).

Vanquished Creatures
  2 dart slugs (D:1)
  7 ball pythons
  3 bats (D:1)
  2 endoplasms (D:1)
  A hobgoblin (D:2)
  3 jackals (D:1)
  8 kobolds
  6 goblins (D:1)
  A rat (D:1)
33 creatures vanquished.

Vanquished Creatures (collateral kills)
  A gnoll (D:1)
  A goblin (D:1)
2 creatures vanquished.

Vanquished Creatures (others)
  6 plants (D:2)
6 creatures vanquished.

Grand Total: 41 creatures vanquished

Notes
Turn   | Place    | Note
-------+----------+-------------------------------------------
     0 | D:1      | DungeonMaster the Demonspawn Hedge Wizard began the quest
                  | for the Orb.
     0 | D:1      | Reached XP level 1. HP: 13/13 MP: 4/4
   221 | D:1      | Gained mutation: A weak demonic guardian rushes to your
                  | aid. [demonic ancestry]
   221 | D:1      | Reached XP level 2. HP: 19/19 MP: 1/6
   423 | D:1      | Reached skill level 1 in Fighting
   750 | D:1      | Gained mutation: You have a small tail. [demonic ancestry]
   750 | D:1      | Reached XP level 3. HP: 22/26 MP: 0/7
  1872 | D:2      | Noticed a black bear
  1884 | D:2      | Slain by a black bear

Illustrated notes

Levels and vault maps discovered:
D:1:      moated_graveyard_arrival, layout_basic
D:2:      minmay_chambers_of_ones, layout_rooms,
          hellmonk_ecumenical_altar_heavens_door, kennysheep_small_spiral,
          minmay_lizard_king

Skill      XL: |  1  2 |
---------------+-------+-----
Fighting       | 1 |  1.6
Dodging        | 2 |  2.4
Stealth        | |  1.7
Spellcasting   | |  3.2
Conjurations   | |  1.6
Summonings     | |  1.0
Translocations | |  0.8

Action                   || total
-------------------------++-------
Melee: Dagger            ||    32
 Cast: Magic Dart        ||    65
  Use: Scroll            ||     6
Armor: Robe              ||    16
Dodge: Dodged            ||    44

Table legend: (Time is in decaauts)
 A = Elapsed time spent in this place.
 B = Non-inter-level travel time spent in this place.
 C = Inter-level travel time spent in this place.
 D = Time resting spent in this place.
 E = Time spent auto-exploring this place.
 F = Levels seen in this place.
 G = Mean time per level.
                   A        B        C        D        E       F      G
               +--------+--------+--------+--------+--------+-----+--------+
         Total |   1882 |   1861 |     21 |    377 |   1279 |   2 |  941.0 |
       Dungeon |   1882 |   1861 |     21 |    377 |   1279 |   2 |  941.0 |
               +--------+--------+--------+--------+--------+-----+--------+

Top non-repeatable levels by time:
     D:1: 1791 daAuts
     D:2: 91 daAuts
